 Seeded DCSS version 0.28.0-47-ge53b351184 (webtiles) character file.

Game seed: 523019199727972820 (custom seed)

147 thiscave3701365 the Chopper (level 5, -6/47 HPs)
             Began as a Minotaur Berserker on May 9, 2022.
             Was a Believer of Trog.
             Mangled by an orc priest
             ... wielding a +0 flail
              (8 damage)
             ... on level 4 of the Dungeon.
             The game lasted 00:01:36 (3538 turns).

thiscave3701365 the Chopper (Minotaur Berserker)    Turns: 3538, Time: 00:01:37

Health: -6/47      AC:  2    Str: 24    XL:     5   Next: 8%
Magic:  4/4        EV: 12    Int:  4    God:    Trog [**....]
Gold:   130        SH:  0    Dex:  9    Spells: 4/4 levels left

rFire   . . .      SeeInvis .   a - +0 hand axe
rCold   . . .      Faith    .   (no shield)
rNeg    . . .      Spirit   .   b - +0 animal skin
rPois   .          Reflect  .   (helmet restricted)
rElec   .          Harm     .   (no cloak)
rCorr   .          Rampage  .   (no gloves)
Will    .....                   (no boots)
Stlth   +.........              (no amulet)
HPRegen 0.15/turn               (no ring)
MPRegen 0.09/turn               (no ring)

@: on berserk cooldown
A: horns 2, retaliatory headbutt
a: Renounce Religion, Berserk, Trog's Hand


You were on level 4 of the Dungeon.
You worshipped Trog.
Trog was pleased with you.
You visited 1 branch of the dungeon, and saw 5 of its levels.

You collected 130 gold pieces.

Inventory:

Hand Weapons
 a - a +0 hand axe (weapon)
Missiles
 j - 2 throwing nets
Armour
 b - a +0 animal skin (worn)
Jewellery
 h - an amulet of faith
 i - a ring of poison resistance
 r - an amulet of guardian spirit
Scrolls
 c - 2 scrolls of fog {unknown}
 e - 4 scrolls of teleportation {unknown}
 k - a scroll of fear {unknown}
 l - a scroll of identify {unknown}
 m - a scroll of amnesia {unknown}
 o - a scroll of blinking {unknown}
 p - 2 scrolls of vulnerability {unknown}
Potions
 d - a potion of curing {unknown}
 f - a potion of berserk rage {unknown}
 g - a potion of resistance {unknown}
 n - a potion of invisibility {unknown}
 q - a potion of might


   Skills:
 + Level 4.6 Fighting
 + Level 4.7 Axes
 + Level 3.8 Armour
 + Level 3.4 Dodging


You had 4 spell levels left.
You didn't know any spells.
Your spell library was empty.

Dungeon Overview and Level Annotations

Branches:
Dungeon (5/15)
 Temple: D:4-7

Altars:
Ashenzari

Annotations:
D:3 3 runed translucent doors, Dyia's ghost, weakling HuBe
D:5 Menkaure


Innate Abilities, Weirdness & Mutations

You have a pair of horns on your head.
You reflexively headbutt those who attack you in melee.


Message History

A goblin comes into view. It is wielding a +0 club.
A goblin is nearby!
A goblin is nearby!
A goblin is nearby!
A goblin is nearby!
You see here a quokka corpse.
The goblin hits you but does no damage.
You hit the goblin.
You kill the goblin!
Trog accepts your kill.
You see here a +0 club.
You start resting.
An orc priest comes into view. It is wielding a +0 flail.
An orc priest is nearby!
An orc priest is nearby!
An orc priest is nearby!
You are too injured to fight recklessly!
You are too injured to fight recklessly!
The orc priest shouts!
There is an open door here.
The orc priest invokes the aid of Beogh against you.
Beogh smites you!
* * * LOW HITPOINT WARNING * * *
You feel yourself speed up.
There is a stone staircase leading down here.
You climb downwards.
Menkaure shouts!
The orc shouts!
The orc wizard shouts! x2; You hear a shout!
Found a bubbling coppery potion and a dagger.
There is a stone staircase leading up here.
The orc wizard points at you and mumbles some strange words.
The magic dart hits you.
* * * LOW HITPOINT WARNING * * *
You climb upwards.
The orc priest drinks a potion.
The orc priest seems to grow stronger.
The orc priest looks braver for a moment.
There is a stone staircase leading down here.
The orc priest closely misses you.
You hit the orc priest but do no damage.
The orc priest hits you with a +0 flail!
You die...

....##### ##..#
##..############
.....†..........
........#### #.#
#######.# #.#######
### ##.##
##.##.#..#....
#...# #..>.........
#...# #...@....###
#...# #.###o.#.#
#...# #...##'# .#
#####...####...#..#
...............#.)#
.........#######..#
.........# #.†#
#####...## #).#
#...# #8).8#


You could see an orc priest (strong).

Vanquished Creatures
  A howler monkey (D:4)
  A gnoll (D:1)
  3 adders
  An adder skeleton (D:4)
  2 worms
  2 orcs (D:4)
  8 endoplasms
  3 giant cockroaches
  4 goblins
  5 hobgoblins
  4 quokkas
  4 ball pythons
  6 bats
  A frilled lizard (D:1)
  7 kobolds
  8 rats
60 creatures vanquished.

Notes
Turn   | Place    | Note
-------+----------+-------------------------------------------
     0 | D:1      | thiscave3701365 the Minotaur Berserker began the quest for
                  | the Orb.
     0 | D:1      | Reached XP level 1. HP: 19/19 MP: 0/0
   374 | D:1      | Reached XP level 2. HP: 27/27 MP: 1/1
   797 | D:1      | Found a faded altar of an unknown god.
  1259 | D:2      | Reached XP level 3. HP: 33/33 MP: 2/2
  1747 | D:2      | Reached ** piety under Trog
  1933 | D:2      | Found a broken altar of Ashenzari.
  2509 | D:3      | Reached XP level 4. HP: 36/40 MP: 3/3
  2701 | D:3      | Found a runed translucent gate.
  2775 | D:3      | Found a runed translucent gate.
  2888 | D:3      | Found a runed translucent gate.
  2932 | D:3      | Noticed Dyia's ghost (weakling HuBe)
  3494 | D:4      | Reached XP level 5. HP: 25/47 MP: 4/4
  3534 | D:5      | Entered Level 5 of the Dungeon
  3534 | D:5      | Noticed Menkaure
  3535 | D:5      | HP: 1/47 [orc wizard/magic dart (4)]
  3538 | D:4      | Mangled by an orc priest

Illustrated notes

Levels and vault maps discovered:
D:1:      minmay_arrival_floating_metal, layout_loops_corners,
          shapermc_ecumenical_altar_notcrosses, minivault_11
D:2:      layout_basic, basic_altar
D:3:      layout_basic, gammafunk_ghost_icy
D:4:      minmay_chambers_of_twos, layout_loops_cross,
          minmay_temple_entry_fiery, minmay_fractal_squares_5, uniq_ijyb
D:5:      layout_rooms, serial_bayou_lagoon_a, uniq_grinder, uniq_menkaure

Skill      XL: |  1  2  3 |
---------------+----------+-----
Fighting       | 4 |  4.6
Axes           | 4 |  4.7
Armour         | 3 |  3.8
Dodging        | 3 |  3.4

Action                   |  1- 3 |  4- 6 || total
-------------------------+-------+-------++-------
Melee: Hand axe          |    98 |    53 ||   151
       Headbutt          |     9 |     8 ||    17
       Punch             |     1 |       ||     1
Invok: Berserk           |       |     1 ||     1
 Stab: Sleeping          |     1 |       ||     1
Armor: Animal skin       |    20 |     9 ||    29
Dodge: Dodged            |    65 |    33 ||    98
